[Event "Thursday 26 April Rapid Engine Tour 12+1 Rounds 9 Starts 1600ST"]
[Site "Infinity Chess"]
[Date "2018.4.26"]
[Round "3"]
[White "MedusaV2"]
[Black "coreoptimist"]
[Result "1/2-1/2"]
[ECO "C65"]
[WhiteElo "2384"]
[BlackElo "2323"]
[WhiteEngine "Eman 1.70-beta23 64-bit POPCNT"]
[BlackEngine "asmFishW_2018-04-11_bmi2_CTG"]
[EventType "Swiss"]
[WhiteTeam ""]
[BlackTeam ""]
[PlyCount "152"]
[TimeControl "720+1"]

1. e4 e5 2. Nf3 Nc6 3. Bb5 Nf6 4. d3 Bc5 5. Bxc6 dxc6 6. O-O Nd7 7. c3 O-O 
8. d4 Bd6 9. Bg5 Qe8 10. Re1 c5 11. Bh4 cxd4 12. cxd4 exd4 13. Nxd4 Ne5 
14. Nc3 Bg4 15. f3 Be6 16. Qc2 Nc6 17. Ncb5 Be5 18. Red1 Nxd4 19. Nxd4 b6 
20. Bg3 Bxd4+ 21. Rxd4 c5 22. Rd2 f6 23. a4 Rd8 24. a5 Qb5 25. Qc3 c4 
26. axb6 axb6 27. Bd6 Ra8 28. Rad1 Rfe8 29. e5 f5 30. Ba3 Bf7 31. Re1 h6 
32. Rd6 Re6 33. Rd4 Rae8 34. f4 Rg6 35. Qd2 Kh7 36. Bb4 Be6 37. Rd6 Qa6 
38. h3 Qb7 39. Kh2 b5 40. Qc2 Qf7 41. Qd2 Qb7 42. Qc2 Qf7 43. Red1 Qa7 
44. Qe2 Qa4 45. Qd2 Qa8 46. Qe2 Qa4 47. Qe1 Qa7 48. R1d4 Ra8 49. Rd2 Qe7 
50. Qe3 Ra4 51. Bc5 Qb7 52. Rb6 Qa8 53. Qf3 Qxf3 54. gxf3 c3 55. bxc3 Rxf4 
56. Rg2 Rxg2+ 57. Kxg2 Bd5 58. Rd6 Bb7 59. Bd4 Rxf3 60. Kg1 Rg3+ 61. Kf1 Rf3+ 
62. Ke2 Rf4 63. e6 h5 64. Rd7 Re4+ 65. Kd2 Bc6 66. Rxg7+ Kh6 67. Rf7 Rxe6 
68. Rxf5 Rd6 69. Ke1 Kg6 70. Rc5 b4 71. cxb4 Rxd4 72. Rxc6+ Kg5 73. h4+ Kxh4 
74. Kf1 Kh3 75. b5 Rb4 76. b6 h4 1/2-1/2

[Event "Thursday 26 April Rapid Engine Tour 12+1 Rounds 9 Starts 1600ST"]
[Site "Infinity Chess"]
[Date "2018.4.26"]
[Round "3"]
[White "NINJA_JENGKA"]
[Black "angriff"]
[Result "1/2-1/2"]
[ECO "A06"]
[WhiteElo "2413"]
[BlackElo "2410"]
[WhiteEngine "Houdini 6"]
[BlackEngine "DracoREX 3.07 64BIT POPCNT_CTG"]
[EventType "Swiss"]
[WhiteTeam ""]
[BlackTeam ""]
[PlyCount "124"]
[TimeControl "720+1"]

1. Nf3 d5 2. d4 Nf6 3. c4 e6 4. Nc3 c6 5. e3 Nbd7 6. Qc2 Bd6 7. Bd3 dxc4 
8. Bxc4 O-O 9. O-O b5 10. Be2 a6 11. Ng5 Qc7 12. e4 h6 13. e5 hxg5 14. exd6 Qxd6 
15. Bxg5 Qxd4 16. Rfe1 Qc5 17. Be3 Qe5 18. Bf3 Bb7 19. Ne4 Qf5 20. Rac1 Ne5 
21. Nxf6+ Qxf6 22. Be4 Rfe8 23. b3 Ng4 24. Bb6 Qh6 25. h3 Nf6 26. Rcd1 Rac8 
27. a3 Nxe4 28. Qxe4 Ba8 29. Bc5 Red8 30. b4 Rd5 31. Rxd5 cxd5 32. Qg4 d4 
33. Rd1 Rd8 34. Bxd4 Rd5 35. Be3 Rxd1+ 36. Qxd1 Qf6 37. Qd6 Bd5 38. Kh2 Kh7 
39. f3 Qc3 40. Bc5 Qxa3 41. Qc7 Qa1 42. Qxf7 Qe5+ 43. Kg1 a5 44. bxa5 b4 
45. Bxb4 Qd4+ 46. Kh2 Qxb4 47. Qh5+ Kg8 48. Qe8+ Kh7 49. Qh5+ Kg8 50. Qe8+ Qf8 
51. Qxf8+ Kxf8 52. f4 Ke7 53. g4 e5 54. fxe5 Bc4 55. Kg3 g6 56. h4 Ke6 
57. Kf4 Be2 58. a6 Bxa6 59. Kg5 Bf1 60. h5 gxh5 61. gxh5 Be2 62. Kg6 Kxe5 
1/2-1/2

[Event "Thursday 26 April Rapid Engine Tour 12+1 Rounds 9 Starts 1600ST"]
[Site "Infinity Chess"]
[Date "2018.4.26"]
[Round "3"]
[White "ocirema"]
[Black "HerzsjeMZ"]
[Result "1/2-1/2"]
[ECO "D30"]
[WhiteElo "2444"]
[BlackElo "2422"]
[WhiteEngine "asmFishW_2018-04-24_popcnt"]
[BlackEngine "BrainFish_180423_x64_modern"]
[EventType "Swiss"]
[WhiteTeam ""]
[BlackTeam ""]
[PlyCount "131"]
[TimeControl "720+1"]

1. d4 d5 2. c4 e6 3. Nf3 Nf6 4. Nc3 c6 5. Bg5 h6 6. Bxf6 Qxf6 7. e3 Nd7 
8. Bd3 g6 9. O-O dxc4 10. Bxc4 Bg7 11. e4 e5 12. d5 O-O 13. Nd2 Nb6 14. Bb3 h5 
15. h3 Bh6 16. Qf3 Kg7 17. Rfd1 Bd7 18. Qe2 Rfd8 19. Nf3 Qe7 20. Re1 Rac8 
21. Rad1 Qe8 22. Nd2 Bg5 23. Nf3 Bh6 24. a3 f6 25. dxc6 Bxc6 26. Qc2 a5 
27. Kh2 Bb5 28. Kg1 Bc6 29. Rxd8 Rxd8 30. Ra1 a4 31. Ba2 Rd7 32. b3 Qe7 
33. Nxa4 Nxa4 34. bxa4 Rd8 35. Rb1 f5 36. Bd5 Bxd5 37. exd5 e4 38. Nd4 Rxd5 
39. Qc8 Rd7 40. Ne6+ Kf7 41. Nc5 Rd8 42. Qxb7 Qxb7 43. Rxb7+ Kf6 44. Kf1 Rd1+ 
45. Ke2 Rd2+ 46. Kf1 e3 47. Rb6+ Kf7 48. Rb7+ Kf6 49. Rb6+ Ke5 50. fxe3 Bxe3 
51. Rb2 Rd5 52. Na6 Kd6 53. Ke2 f4 54. Nb4 Ra5 55. Rc2 Rxa4 56. Rc6+ Ke5 
57. Nc2 Bc1 58. Rxg6 Kf5 59. Rc6 Bxa3 60. Nxa3 Rxa3 61. Rc5+ Ke4 62. Rc4+ Kf5 
63. Rc5+ Ke4 64. Rxh5 f3+ 65. gxf3+ Rxf3 66. Rh4+ 1/2-1/2

[Event "Thursday 26 April Rapid Engine Tour 12+1 Rounds 9 Starts 1600ST"]
[Site "Infinity Chess"]
[Date "2018.4.26"]
[Round "3"]
[White "Harry_Potter"]
[Black "star99"]
[Result "1/2-1/2"]
[ECO "B32"]
[WhiteElo "2498"]
[BlackElo "2459"]
[WhiteEngine "Stockfish_x64_bmi2_CTG"]
[BlackEngine "Cryptic Heroes 9.4B"]
[EventType "Swiss"]
[WhiteTeam ""]
[BlackTeam ""]
[PlyCount "191"]
[TimeControl "720+1"]

1. e4 c5 2. Nf3 Nc6 3. d4 cxd4 4. Nxd4 e5 5. Nb5 d6 6. N1c3 a6 7. Na3 b5 
8. Nd5 Nf6 9. Bg5 Be7 10. Bxf6 Bxf6 11. c3 O-O 12. Nc2 Be6 13. a4 bxa4 
14. Rxa4 a5 15. Bc4 Bg5 16. O-O Ne7 17. Nxe7+ Qxe7 18. Bxe6 Qxe6 19. Na3 Rfc8 
20. Qd3 Qb3 21. Qb5 Qxb5 22. Nxb5 Rcb8 23. c4 Bd2 24. Rfa1 Rd8 25. b3 Rab8 
26. g3 Bb4 27. Rd1 f5 28. Na7 Rb6 29. exf5 Rf8 30. Kg2 Rf7 31. Nb5 Rxf5 
32. Ra2 Rf8 33. Nc7 Rb7 34. Na6 Ra8 35. Nxb4 Rxb4 36. Rxd6 Rxb3 37. Rd7 e4 
38. Re2 e3 39. fxe3 h5 40. Rdd2 Re8 41. Rd5 Rexe3 42. Rxe3 Rxe3 43. Rxh5 a4 
44. Ra5 a3 45. c5 Kh7 46. Kh3 Rc3 47. Kh4 Kh6 48. Kg4 Rc4+ 49. Kf3 a2 
50. Rxa2 Rc3+ 51. Kg4 Rc4+ 52. Kf3 Rc3+ 53. Kg4 Rc4+ 54. Kh3 Rxc5 55. Ra6+ Kg5 
56. Ra3 Rc2 57. Ra5+ Kh6 58. Ra3 Kg5 59. g4 g6 60. Kg3 Rc4 61. Ra5+ Kh6 
62. Kf3 Rc2 63. Kg3 g5 64. Ra6+ Kh7 65. Ra3 Kh6 66. h3 Rc4 67. Rf3 Rc1 
68. Kf2 Rc2+ 69. Ke3 Kg6 70. Kd3 Rc1 71. Kd4 Rc2 72. Rd3 Rc8 73. Ra3 Rd8+ 
74. Ke3 Re8+ 75. Kd2 Kf6 76. Rf3+ Kg7 77. Rc3 Rd8+ 78. Rd3 Re8 79. Rf3 Rd8+ 
80. Rd3 Rc8 81. Rc3 Rf8 82. Ke3 Rb8 83. Ke4 Rb4+ 84. Kf5 Rb5+ 85. Ke4 Rb2 
86. Ra3 Rb4+ 87. Kf3 Rf4+ 88. Ke2 Re4+ 89. Kd2 Rd4+ 90. Ke3 Rb4 91. Kd3 Kf6 
92. Ra2 Rb3+ 93. Kc4 Rxh3 94. Rf2+ Kg6 95. Rd2 Rh1 96. Rd6+ 1/2-1/2

[Event "Thursday 26 April Rapid Engine Tour 12+1 Rounds 9 Starts 1600ST"]
[Site "Infinity Chess"]
[Date "2018.4.26"]
[Round "3"]
[White "hafaba"]
[Black "Vimtiroba"]
[Result "1/2-1/2"]
[ECO "D31"]
[WhiteElo "2433"]
[BlackElo "2456"]
[WhiteEngine "Eman 1.70-beta21 64-bit POPCNT_CTG"]
[BlackEngine "AsmFish A25_CTG"]
[EventType "Swiss"]
[WhiteTeam ""]
[BlackTeam ""]
[PlyCount "244"]
[TimeControl "720+1"]

1. d4 d5 2. c4 e6 3. Nc3 c6 4. Nf3 Nf6 5. e3 Nbd7 6. Bd3 dxc4 7. Bxc4 b5 
8. Bd3 Bb7 9. e4 b4 10. Na4 c5 11. e5 Nd5 12. O-O cxd4 13. Re1 g6 14. Bg5 Qa5 
15. Nxd4 a6 16. a3 bxa3 17. bxa3 Bg7 18. Bd2 Qd8 19. Rb1 Rb8 20. Rxb7 Rxb7 
21. Bxa6 Rc7 22. Ba5 Qb8 23. Bxc7 Qxc7 24. Bb5 O-O 25. Bxd7 Qxd7 26. Nb2 Rb8 
27. Qd2 Bf8 28. Nd3 Bxa3 29. Ra1 Bf8 30. Nf3 Rd8 31. Qa5 Ne7 32. Nde1 h6 
33. h3 Qc8 34. g3 g5 35. Qa6 Qc5 36. Qa5 Qd5 37. Nc2 Nc6 38. Qxd5 Rxd5 
39. Ne3 Rc5 40. Ng4 Kg7 41. Ra8 Be7 42. Re8 Bd8 43. Kg2 Rc4 44. Ne3 Re4 
45. g4 Bb6 46. Rc8 Bxe3 47. Rxc6 Ba7 48. Kf1 Bb8 49. Rc5 Rb4 50. Ra5 Kg6 
51. Ra3 Rb5 52. Re3 Bc7 53. Kg2 Rd5 54. Re4 Ba5 55. Rc4 Kg7 56. Rc2 Rb5 
57. Kg3 Rb3 58. Kg2 Rb5 59. Kg3 Bb6 60. Kg2 Kg6 61. Kg3 Ba5 62. Kg2 Bb6 
63. Kh2 Rb3 64. Kg2 Rb1 65. Nd2 Rb5 66. Nf3 Rd5 67. Re2 Kg7 68. Rd2 Rc5 
69. Re2 Bc7 70. Kg3 Bb6 71. Kg2 Rb5 72. Rc2 Rb1 73. Kg3 Rb3 74. Kg2 Rb1 
75. Re2 Kg6 76. Rd2 Bc7 77. Rd7 Rc1 78. Rd2 Rc5 79. Re2 Bb6 80. Kh2 Bc7 
81. Kg1 Ba5 82. Kf1 Bb6 83. Kg1 Rd5 84. Rc2 Kh7 85. Kg2 Ra5 86. Rb2 Bc7 
87. Re2 Rb5 88. Re4 Bd8 89. Re3 Rb2 90. Rd3 Ba5 91. Rd4 Kg6 92. Rd7 Rc2 
93. Rb7 Rc5 94. Rb8 Rd5 95. Kg1 f6 96. exf6 Kxf6 97. Kg2 Bc7 98. Rh8 Kg7 
99. Rc8 Bf4 100. Rc6 Bd6 101. Ra6 Kf6 102. Ra8 Rd3 103. Ra7 Bf4 104. Ra6 Rd6 
105. Ra8 e5 106. Ra4 Kg6 107. Ne1 Rd1 108. Nf3 Rd6 109. Ng1 Rd2 110. Nf3 Rb2 
111. Ne1 Rb3 112. Nf3 Rb2 113. h4 gxh4 114. Nxh4+ Kg5 115. Nf3+ Kf6 
116. Ra6+ Kf7 117. Ra5 Rb4 118. Nxe5+ Bxe5 119. Rxe5 Rxg4+ 120. Kf3 Rb4 
121. Rd5 Rb3+ 122. Ke4 Rb4+ 1/2-1/2

[Event "Thursday 26 April Rapid Engine Tour 12+1 Rounds 9 Starts 1600ST"]
[Site "Infinity Chess"]
[Date "2018.4.26"]
[Round "2"]
[White "star99"]
[Black "ocirema"]
[Result "1/2-1/2 "]
[ECO "C26"]
[WhiteElo "2460"]
[BlackElo "2443"]
[WhiteEngine "Cryptic Heroes 9.4B"]
[BlackEngine "asmFishW_2018-04-24_popcnt"]
[EventType "Swiss"]
[WhiteTeam ""]
[BlackTeam ""]
[PlyCount "157"]
[TimeControl "720+1"]

1. e4 e5 2. Nc3 Nf6 3. g3 Bc5 4. Bg2 Nc6 5. Nge2 O-O 6. O-O a5 7. Nd5 d6 
8. c3 Nxd5 9. exd5 Ne7 10. d4 exd4 11. Nxd4 Nf5 12. Nb3 Bb6 13. Nd2 Re8 
14. Nc4 Bc5 15. Nd2 Ne7 16. Nb3 Bb6 17. Re1 Ng6 18. Bd2 Rxe1+ 19. Qxe1 Ne5 
20. Be3 Nd3 21. Qd2 Bxe3 22. Qxd3 Bb6 23. Re1 Bd7 24. h4 Qf8 25. Nd2 a4 
26. Re2 Re8 27. Kh2 Rxe2 28. Qxe2 Qc8 29. Be4 g6 30. Bd3 Kf8 31. Kg1 h6 
32. Qe4 Qd8 33. Kg2 Kg7 34. Qe2 Qf6 35. Qf3 Qe7 36. Qe2 Qf6 37. Qf3 Qe7 
38. Qe2 Qd8 39. Qf3 c6 40. Ne4 Qe7 41. Qf4 Qe5 42. Nxd6 Qxf4 43. gxf4 cxd5 
44. Nb5 Bd8 45. Kg3 Ba5 46. Nd6 Bc6 47. Nb5 Kf6 48. Be2 Ke7 49. Nd4 Bd7 
50. Nb5 h5 51. Nd4 Bb6 52. Bd3 f5 53. Kf3 Bd8 54. Ke3 Kd6 55. Nf3 Bf6 56. a3 Be8 
57. Kd2 Kc5 58. Ke3 Bb5 59. Bc2 Be8 60. Bd3 Kb6 61. Bc2 Be7 62. Bd3 Bc6 
63. Be2 Bb5 64. Bd1 Bc5+ 65. Nd4 Be8 66. Bc2 Bc6 67. Kd2 Be8 68. Ke3 Bd6 
69. Bb1 Be7 70. Nf3 Bc6 71. Bc2 Bf6 72. Bd3 Be7 73. Be2 Bc5+ 74. Nd4 Kc7 
75. Bd1 Bb6 76. Kd3 Bd7 77. Bc2 Bc5 78. Ke3 Bb6 79. Bd3 1/2-1/2

[Event "Thursday 26 April Rapid Engine Tour 12+1 Rounds 9 Starts 1600ST"]
[Site "Infinity Chess"]
[Date "2018.4.26"]
[Round "2"]
[White "MarioDeMonti"]
[Black "SkyPilot"]
[Result "1/2-1/2"]
[ECO "C55"]
[WhiteElo "2430"]
[BlackElo "2434"]
[WhiteEngine "stockfish_x64_bmi2_2018_02_18_CTG"]
[BlackEngine "stockfish_x64_bmi2_2018_04_07_CTG"]
[EventType "Swiss"]
[WhiteTeam ""]
[BlackTeam ""]
[PlyCount "51"]
[TimeControl "720+1"]

1. e4 e5 2. Nf3 Nc6 3. Bc4 Nf6 4. d3 Bc5 5. O-O d6 6. c3 O-O 7. Bg5 h6 8. Bh4 a6 
9. Nbd2 Ba7 10. Bb3 Na5 11. Ba4 g5 12. Bg3 Nh5 13. b4 Nxg3 14. hxg3 b5 
15. Bc2 Nc6 16. a4 Bd7 17. Bb3 Bb6 18. axb5 axb5 19. Rxa8 Qxa8 20. Nxg5 hxg5 
21. Qh5 Kg7 22. Qxg5+ Kh7 23. Qh5+ Kg7 24. Qg5+ Kh7 25. Qh5+ Kg7 26. Qg5+ 
1/2-1/2

[Event "Thursday 26 April Rapid Engine Tour 12+1 Rounds 9 Starts 1600ST"]
[Site "Infinity Chess"]
[Date "2018.4.26"]
[Round "2"]
[White "coreoptimist"]
[Black "ludimilojko"]
[Result "1/2-1/2"]
[ECO "C50"]
[WhiteElo "2332"]
[BlackElo "2269"]
[WhiteEngine "asmFishW_2018-04-11_bmi2_CTG"]
[BlackEngine "Raubfisch X38b_CTG"]
[EventType "Swiss"]
[WhiteTeam ""]
[BlackTeam ""]
[PlyCount "96"]
[TimeControl "720+1"]

1. e4 e5 2. Nf3 Nc6 3. Bc4 Bc5 4. d3 Nf6 5. O-O d6 6. c3 O-O 7. Nbd2 a5 
8. Re1 Be6 9. Bb5 Ne7 10. d4 Ba7 11. h3 Ng6 12. Ba4 Nh5 13. Nf1 exd4 
14. Nxd4 Nhf4 15. Ng3 Bxd4 16. cxd4 d5 17. Qf3 Qh4 18. Bc2 c6 19. Bxf4 Qxf4 
20. Qxf4 Nxf4 21. e5 f6 22. Ne2 fxe5 23. Nxf4 Rxf4 24. Rxe5 Bf7 25. Rd1 Re8 
26. Rxe8+ Bxe8 27. g3 Rf6 28. Re1 Kf7 29. f4 Bd7 30. Kg2 g6 31. a3 b6 
32. b4 axb4 33. axb4 Re6 34. Rxe6 Kxe6 35. g4 Kd6 36. Kf3 c5 37. dxc5+ bxc5 
38. bxc5+ Kxc5 39. f5 gxf5 40. gxf5 Kd6 41. Kf4 h6 42. Bd1 Bb5 43. Bg4 d4 
44. Ke4 d3 45. f6 d2 46. Ke3 Be8 47. Kxd2 Ke5 48. Ke3 Kxf6 1/2-1/2

[Event "Thursday 26 April Rapid Engine Tour 12+1 Rounds 9 Starts 1600ST"]
[Site "Infinity Chess"]
[Date "2018.4.26"]
[Round "2"]
[White "angriff"]
[Black "MedusaV2"]
[Result "1/2-1/2"]
[ECO "C50"]
[WhiteElo "2411"]
[BlackElo "2383"]
[WhiteEngine "DracoREX 3.07 64BIT POPCNT_CTG"]
[BlackEngine "Eman 1.70-beta23 64-bit POPCNT"]
[EventType "Swiss"]
[WhiteTeam ""]
[BlackTeam ""]
[PlyCount "130"]
[TimeControl "720+1"]

1. e4 e5 2. Nf3 Nc6 3. Bc4 Bc5 4. O-O Nf6 5. d3 d6 6. c3 a5 7. Nbd2 O-O 
8. h3 Ba7 9. Re1 Be6 10. Bb5 Ne7 11. d4 Ng6 12. Ba4 Nh5 13. Nf1 exd4 
14. Nxd4 Nhf4 15. Ng3 Bxd4 16. cxd4 d5 17. Qf3 Qh4 18. Bc2 c6 19. Bxf4 Qxf4 
20. Qxf4 Nxf4 21. e5 Ra6 22. Ne2 Nxe2+ 23. Rxe2 Rb6 24. a3 g6 25. Bd1 f6 
26. b3 Ra6 27. Kh2 Raa8 28. Kg3 Kf7 29. exf6 Kxf6 30. f4 Rae8 31. Re5 Bf5 
32. h4 Rxe5 33. fxe5+ Ke7 34. Rc1 Bd7 35. Bf3 b6 36. b4 b5 37. bxa5 Ra8 
38. Bd1 Rxa5 39. Rc3 Ra8 40. Rd3 h6 41. Kf2 b4 42. axb4 Ra2+ 43. Kg3 Bf5 
44. Re3 Rd2 45. Ba4 Rxd4 46. Bxc6 Rxb4 47. Bxd5 Rg4+ 48. Kf3 Rxh4 49. Rb3 Rd4 
50. Rb5 Bd7 51. Ke3 Rd1 52. Rc5 g5 53. Ra5 Re1+ 54. Kd4 h5 55. Ra7 Rd1+ 
56. Ke4 Re1+ 57. Kf3 Kd8 58. e6 Bxe6 59. Bxe6 Rxe6 60. Ra5 g4+ 61. Kf4 Rf6+ 
62. Kg5 Rd6 63. Re5 Rd2 64. g3 h4 65. gxh4 g3 1/2-1/2

[Event "Thursday 26 April Rapid Engine Tour 12+1 Rounds 9 Starts 1600ST"]
[Site "Infinity Chess"]
[Date "2018.4.26"]
[Round "2"]
[White "HerzsjeMZ"]
[Black "NINJA_JENGKA"]
[Result "1/2-1/2"]
[ECO "C50"]
[WhiteElo "2422"]
[BlackElo "2413"]
[WhiteEngine "BrainFish_180423_x64_modern"]
[BlackEngine "Houdini 6"]
[EventType "Swiss"]
[WhiteTeam ""]
[BlackTeam ""]
[PlyCount "120"]
[TimeControl "720+1"]

1. e4 e5 2. Nf3 Nc6 3. Bc4 Bc5 4. O-O Nf6 5. d3 d6 6. c3 O-O 7. h3 a5 8. Re1 h6 
9. Bb3 Re8 10. Nbd2 Be6 11. Ba4 Qb8 12. d4 b5 13. dxc5 bxa4 14. Qxa4 Ne7 
15. cxd6 cxd6 16. Nh4 Qc8 17. Nf1 g5 18. Nf3 Ng6 19. N3h2 Nf4 20. Qd1 Ra6 
21. f3 d5 22. exd5 N6xd5 23. Ng4 Rd8 24. Qa4 Bxg4 25. fxg4 Nd3 26. Re2 Rb6 
27. Rc2 Qc5+ 28. Kh2 Qc7 29. Qe4 Nf6 30. Qe2 Re6 31. Be3 Nd5 32. Qf3 e4+ 
33. Qg3 N5f4 34. Kh1 a4 35. a3 Rb8 36. Rb1 Qb7 37. Bd4 Qb3 38. Ne3 Qa2 
39. Rf1 Rxb2 40. Rxb2 Qxb2 41. h4 f6 42. Nf5 Kh7 43. c4 Qb3 44. hxg5 fxg5 
45. c5 Ne5 46. Kh2 Ne2 47. Qxb3 axb3 48. Bxe5 Rxe5 49. Rb1 h5 50. Rxb3 hxg4 
51. Ng3 Nxg3 52. Kxg3 e3 53. Rb1 Rxc5 54. Kxg4 e2 55. Re1 Rc4+ 56. Kf3 Ra4 
57. Rxe2 Rxa3+ 58. Kf2 Ra7 59. Re5 Ra2+ 60. Re2 Ra7 1/2-1/2

[Event "Thursday 26 April Rapid Engine Tour 12+1 Rounds 9 Starts 1600ST"]
[Site "Infinity Chess"]
[Date "2018.4.26"]
[Round "2"]
[White "Vimtiroba"]
[Black "IronMan"]
[Result "1-0"]
[ECO "A20"]
[WhiteElo "2440"]
[BlackElo "2428"]
[WhiteEngine "AsmFish A25_CTG"]
[BlackEngine "Eman 170b23-EXP4"]
[EventType "Swiss"]
[WhiteTeam ""]
[BlackTeam ""]
[PlyCount "147"]
[TimeControl "720+1"]

1. c4 e5 2. Nf3 Nc6 3. Nc3 Nf6 4. g3 Bb4 5. Bg2 O-O 6. O-O d6 7. d3 Re8 
8. Nd5 Nxd5 9. cxd5 Ne7 10. a3 Ba5 11. e4 c6 12. dxc6 Nxc6 13. d4 Bg4 14. d5 Nd4 
15. Qd3 Nxf3+ 16. Bxf3 Bxf3 17. Qxf3 Bb6 18. Bd2 Rf8 19. Rac1 Qd7 20. Qf5 Qxf5 
21. exf5 Rac8 22. Rxc8 Rxc8 23. Rc1 Rxc1+ 24. Bxc1 Bd4 25. Kf1 Kf8 26. g4 Ke7 
27. Ke2 b5 28. b3 g6 29. fxg6 fxg6 30. f3 Bc5 31. h3 Kd7 32. a4 bxa4 
33. bxa4 Bd4 34. Bg5 Kc7 35. Kd3 Kb6 36. Kc4 Bf2 37. Bd8+ Kb7 38. Kb5 Bc5 
39. Be7 a6+ 40. Kc4 Kc7 41. Kd3 Kd7 42. Bh4 Kc7 43. Ke4 Bg1 44. f4 exf4 
45. Kxf4 Kb6 46. Kg5 Be3+ 47. Kf6 Kc5 48. Ke6 Bf4 49. Be7 Bg3 50. a5 Bf4 
51. Bf8 g5 52. Be7 Kb4 53. Bxd6+ Ka4 54. Be7 Bc7 55. d6 Bb8 56. d7 Bc7 
57. d8=Q Bxd8 58. Bxd8 Kb5 59. Bb6 Kc6 60. Kf5 Kd5 61. Kxg5 Ke4 62. Kh6 Kf4 
63. Kxh7 Kg5 64. Bd8+ Kf4 65. g5 Kf3 66. g6 Ke3 67. g7 Kf3 68. Bb6 Ke2 
69. g8=Q Kd3 70. Qb3+ Ke2 71. Qc3 Kd1 72. Qb2 Ke1 73. Qc2 Kf1 74. Qf2# 1-0

[Event "Thursday 26 April Rapid Engine Tour 12+1 Rounds 9 Starts 1600ST"]
[Site "Infinity Chess"]
[Date "2018.4.26"]
[Round "2"]
[White "hafaba"]
[Black "Harry_Potter"]
[Result "1/2-1/2"]
[ECO "C77"]
[WhiteElo "2430"]
[BlackElo "2501"]
[WhiteEngine "Eman 1.70-beta21 64-bit POPCNT_CTG"]
[BlackEngine "Stockfish_x64_bmi2_CTG"]
[EventType "Swiss"]
[WhiteTeam ""]
[BlackTeam ""]
[PlyCount "137"]
[TimeControl "720+1"]

1. e4 e5 2. Nf3 Nc6 3. Bb5 a6 4. Ba4 Nf6 5. O-O Be7 6. Re1 b5 7. Bb3 O-O 
8. c3 d5 9. exd5 Nxd5 10. Nxe5 Nxe5 11. Rxe5 c6 12. d4 Bd6 13. Re1 Qh4 
14. g3 Qh3 15. Be3 Be6 16. Qf3 a5 17. Qg2 Qxg2+ 18. Kxg2 Rfe8 19. Bc2 b4 
20. Be4 Rac8 21. Kg1 Be7 22. a3 c5 23. axb4 axb4 24. Bxd5 Bxd5 25. Ra5 bxc3 
26. bxc3 Bf8 27. Rc1 cxd4 28. Bxd4 Bc6 29. Nd2 f6 30. Kf1 Re7 31. Rb1 Rce8 
32. Be3 Bd7 33. Kg1 Bh3 34. Nf1 Rc7 35. Bd4 Rb7 36. Raa1 Rxb1 37. Rxb1 Re2 
38. Ne3 Kf7 39. Rb7+ Kg6 40. Ng2 Bd6 41. Nh4+ Kh6 42. Rb1 Ra2 43. Ng2 Kg6 
44. c4 Kf7 45. Ne3 Bf8 46. Rb7+ Ke8 47. Rc7 Rd2 48. Ba7 Ra2 49. f4 Bb4 
50. Bc5 Bxc5 51. Rxc5 Re2 52. Rh5 Be6 53. Nd5 h6 54. Nc7+ Kd7 55. Nxe6 Kxe6 
56. Rb5 g6 57. Rb6+ Kf5 58. Rd6 Rc2 59. Rc6 h5 60. h3 Rc3 61. Kg2 Rc2+ 
62. Kf1 Rc1+ 63. Ke2 Rc3 64. g4+ Ke4 65. Rxf6 Rxh3 66. Rxg6 Rh2+ 67. Kd1 Kxf4 
68. gxh5 Rxh5 69. Kc2 1/2-1/2

[Event "Thursday 26 April Rapid Engine Tour 12+1 Rounds 9 Starts 1600ST"]
[Site "Infinity Chess"]
[Date "2018.4.26"]
[Round "1"]
[White "ludimilojko"]
[Black "hafaba"]
[Result "0-1"]
[ECO "D30"]
[WhiteElo "2279"]
[BlackElo "2420"]
[WhiteEngine "Raubfisch X38b_CTG"]
[BlackEngine "Eman 1.70-beta21 64-bit POPCNT_CTG"]
[EventType "Swiss"]
[WhiteTeam ""]
[BlackTeam ""]
[PlyCount "150"]
[TimeControl "720+1"]

1. d4 d5 2. c4 e6 3. Nf3 Nf6 4. Nc3 c6 5. Bg5 h6 6. Bxf6 Qxf6 7. e3 Nd7 
8. Bd3 dxc4 9. Bxc4 g6 10. O-O Bg7 11. e4 e5 12. d5 Nb6 13. Bb3 Bg4 14. Re1 O-O 
15. Re3 Rad8 16. Qe2 cxd5 17. Nxd5 Nxd5 18. Bxd5 Rd7 19. Qc4 Re8 20. Rd1 Red8 
21. Red3 Kh7 22. h3 Be6 23. Kf1 Bxd5 24. Rxd5 Qe6 25. g4 f5 26. gxf5 gxf5 
27. Ke2 Rxd5 28. Rxd5 Rxd5 29. Qxd5 Qxd5 30. exd5 Bf6 31. d6 e4 32. Nd2 Kg6 
33. d7 Kf7 34. Nf1 Ke6 35. Ng3 Bg5 36. b3 Kxd7 37. Nxf5 Ke6 38. Ng3 Ke5 
39. f3 exf3+ 40. Kxf3 Be7 41. Kg4 Bf8 42. Ne2 Ke4 43. Nf4 Be7 44. Ng6 Ba3 
45. Kh5 Kd3 46. Kxh6 Kc2 47. h4 Kb2 48. h5 Kxa2 49. Ne5 Bc1+ 50. Kg6 Kxb3 
51. Nd3 Be3 52. h6 Bxh6 53. Nc5+ Kc4 54. Nxb7 Be3 55. Kf7 Kd5 56. Ke8 Kc6 
57. Na5+ Kb5 58. Nb7 Bf4 59. Kd7 Kb6 60. Nd8 a5 61. Nc6 a4 62. Nb4 a3 
63. Ke6 Kc5 64. Nd3+ Kc4 65. Nxf4 a2 66. Ne2 a1=Q 67. Nf4 Kd4 68. Ng6 Qa2+ 
69. Kf6 Ke4 70. Ne7 Qc4 71. Nf5 Qc6+ 72. Ke7 Kxf5 73. Kd8 Qb7 74. Ke8 Ke6 
75. Kf8 Qf7# 0-1

[Event "Thursday 26 April Rapid Engine Tour 12+1 Rounds 9 Starts 1600ST"]
[Site "Infinity Chess"]
[Date "2018.4.26"]
[Round "1"]
[White "IronMan"]
[Black "coreoptimist"]
[Result "1/2-1/2"]
[ECO "C77"]
[WhiteElo "2433"]
[BlackElo "2312"]
[WhiteEngine "Eman 170b23-EXP4"]
[BlackEngine "asmFishW_2018-04-11_bmi2_CTG"]
[EventType "Swiss"]
[WhiteTeam ""]
[BlackTeam ""]
[PlyCount "63"]
[TimeControl "720+1"]

1. e4 e5 2. Nf3 Nc6 3. Bb5 a6 4. Ba4 Nf6 5. O-O Be7 6. Re1 b5 7. Bb3 O-O 
8. h3 Bb7 9. d3 d5 10. exd5 Nxd5 11. a4 Nd4 12. Nbd2 Nxb3 13. Nxb3 f6 
14. Na5 Qc8 15. Bd2 Nb6 16. Nxb7 Qxb7 17. Qe2 Nxa4 18. d4 Bd6 19. dxe5 fxe5 
20. b3 Nb6 21. Nxe5 Rae8 22. f4 Qa8 23. Qg4 Qd5 24. Nd3 Qc6 25. Rxe8 Rxe8 
26. Re1 Rxe1+ 27. Bxe1 Qxc2 28. Qe6+ Kf8 29. Qf5+ Kg8 30. Qe6+ Kf8 31. Qf5+ Kg8 
32. Qe6+ 1/2-1/2

[Event "Thursday 26 April Rapid Engine Tour 12+1 Rounds 9 Starts 1600ST"]
[Site "Infinity Chess"]
[Date "2018.4.26"]
[Round "1"]
[White "MedusaV2"]
[Black "Vimtiroba"]
[Result "1/2-1/2"]
[ECO "C77"]
[WhiteElo "2381"]
[BlackElo "2442"]
[WhiteEngine "Eman 1.70-beta23 64-bit POPCNT"]
[BlackEngine "AsmFish A25_CTG"]
[EventType "Swiss"]
[WhiteTeam ""]
[BlackTeam ""]
[PlyCount "169"]
[TimeControl "720+1"]

1. e4 e5 2. Nf3 Nc6 3. Bb5 a6 4. Ba4 Nf6 5. O-O Be7 6. Re1 b5 7. Bb3 O-O 
8. a4 Bb7 9. d3 d6 10. Nbd2 Na5 11. Ba2 c5 12. Nf1 bxa4 13. Bd2 Bc6 14. Ne3 Bd7 
15. Bb1 h6 16. Bc3 Rb8 17. h3 Ne8 18. Ra3 Kh8 19. Ra2 Bf6 20. Ra3 Be7 
21. Ra2 Kg8 22. Ra1 Kh7 23. Bd2 Nc6 24. c3 Na5 25. Bc2 Nb3 26. Ra3 a5 
27. Bxb3 axb3 28. Rxb3 Nf6 29. Rxb8 Qxb8 30. Bc1 a4 31. Nd2 Qb5 32. Ndc4 Re8 
33. Qf3 Be6 34. Bd2 Ra8 35. Rf1 Bd8 36. Ra1 Ra6 37. Bc1 Qc6 38. Ra3 Qa8 
39. Ra1 Kg8 40. Ra3 Nh7 41. Nd2 Bg5 42. Qe2 Qb7 43. c4 Bd7 44. Qd1 Nf8 
45. Nf3 Bd8 46. Nd5 Ne6 47. Nc3 Qa8 48. Kh2 Kh7 49. Ng1 f5 50. exf5 Nd4 
51. Nge2 Bxf5 52. Nd5 Bd7 53. Nxd4 cxd4 54. Qf3 Qc8 55. Bd2 Be6 56. Kg1 Qb8 
57. Qe4+ Kh8 58. Qg6 Bxd5 59. cxd5 Qxb2 60. Bxh6 gxh6 61. Qe8+ Kg7 62. Qd7+ Kf6 
63. Qxd8+ Kg6 64. Qg8+ Kf6 65. Qe6+ Kg7 66. Qe7+ Kg6 67. Qe6+ Kh7 68. Qf7+ Kh8 
69. Qf8+ Kh7 70. Qf7+ Kh8 71. f3 Ra7 72. Qf8+ Kh7 73. Qf5+ Kg7 74. Qg4+ Kh7 
75. Qe4+ Kh8 76. Qg6 Qxa3 77. Qxh6+ Kg8 78. Qg5+ Kf7 79. Qh5+ Kg8 80. Qg6+ Rg7 
81. Qe8+ Kh7 82. Qh5+ Kg8 83. Qe8+ Kh7 84. Qh5+ Kg8 85. Qe8+ 1/2-1/2